Map: Lightshade LE

Players

Riperko

  • Race: Protoss Protoss
  • League: Gold
  • Spawn Location: 11:00

Luoge - Winner!

  • Race: Zerg Zerg
  • League: Gold
  • Spawn Location: 5:00

VOD

Have the link to the VOD?

Description

Time

  • Played on: Jan. 24, 2021, 3:21 p.m.
  • Length: 13:20
Show
View Real Time Build Order
Export as new Build Order

Riperko Protoss 

Build Orders: Cannon Rush 

Get SALT Encoding   

  12  0:04  Probe  
  13  0:16  Probe  
  14  0:27  Pylon  
  14  0:29  Probe  
  15  0:45  Probe  
  15  0:49  Forge  
  16  0:57  Probe  
  16  1:00  Assimilator  
  17  1:05  Assimilator  
  17  1:09  Probe  
  18  1:21  Probe  
  18  1:24  Photon Cannon  
  19  1:30  Photon Cannon  
  19  1:34  Probe  
  19  1:38  Photon Cannon  
  20  1:49  Photon Cannon  
  20  1:58  Photon Cannon  
  20  2:02  Probe  
  21  2:11  Pylon  
  21  2:14  Probe  
  22  2:26  Probe  
  23  2:33  Gateway  
  23  2:49  Photon Cannon  
  23  2:50  Photon Cannon  
  23  2:57  Pylon  
  23  3:03  Pylon  
  23  3:10  Pylon  
  23  3:23  Cybernetics Core  
  23  3:29  Pylon  
  23  3:38  Photon Cannon  
  23  3:45  Photon Cannon  
  23  4:04  Stargate  
  23  4:07  Stargate  
  23  4:11  Stargate  
  23  4:14  Pylon  
  23  4:41  Nexus  
  23  4:46  Assimilator  
  23  4:52  Assimilator  
  23  4:55  Probe  
  24  5:07  Probe  
  25  5:20  Void Ray, Probe  
  25  5:21  Void Ray  
  34  5:59  Void Ray x3  
  34  6:08  Probe  
  47  6:20  Probe  
  47  6:22  Probe  
  49  6:32  Probe  
  50  6:34  Probe  
  51  6:44  Probe  
  51  6:46  Probe  
  53  6:56  Probe  
  53  6:58  Probe  
  55  7:05  Void Ray x3  
  55  7:08  Probe  
  55  7:11  Probe  
  69  7:20  Probe  
  70  7:27  Cybernetics Core  
  70  7:32  Probe  
  71  7:37  Pylon  
  71  7:38  Pylon  
  71  7:42  Pylon  
  71  7:45  Probe  
  72  7:57  Probe  
  72  7:58  Pylon  
  73  8:01  Pylon  
  73  8:02  Shield Battery  
  73  8:07  Void Ray x2, Shield Battery  
  73  8:08  Void Ray  
  85  9:18  Void Ray x3  
  97  9:35  Stargate  
  97  9:37  Stargate  
  97  9:40  Pylon  
  97  9:50  Pylon  
  97  9:55  Void Ray x3  
  109  10:42  Void Ray x3  
  109  10:43  Void Ray x2  
  73  11:45  Void Ray  
  73  11:46  Void Ray x4  
  77  12:32  Void Ray  
  77  12:33  Void Ray x2  
Show
View Real Time Build Order
Export as new Build Order

Luoge Zerg - Winner!

Build Orders: Pool First, Roach Hydra 

Get SALT Encoding   

  12  0:00  Drone  
  13  0:14  Overlord  
  13  0:17  Drone  
  14  0:33  Drone x2  
  16  0:37  Drone  
  17  0:45  Spawning Pool  
  17  0:49  Drone  
  18  1:10  Hatchery  
  16  1:16  Drone  
  17  1:19  Extractor  
  16  1:26  Drone  
  16  1:31  Queen  
  19  1:35  Drone  
  20  1:42  Overlord  
  20  1:52  Zergling x2  
  21  2:07  Queen, Zergling x2  
  24  2:14  Drone  
  25  2:24  Zergling x2  
  26  2:32  Drone  
  26  2:33  Metabolic Boost  
  26  2:36  Drone x2  
  29  2:49  Drone x4  
  33  2:57  Overlord  
  33  2:58  Roach Warren, Overlord  
  32  3:07  Queen  
  34  3:14  Drone  
  34  3:15  Drone  
  36  3:25  Drone x5  
  41  3:38  Drone x4  
  41  3:39  Drone  
  46  3:51  Lair  
  46  3:56  Evolution Chamber  
  46  3:57  Overlord x2  
  46  3:58  Drone x2  
  46  4:00  Drone  
  46  4:02  Drone  
  49  4:03  Drone  
  49  4:05  Drone  
  49  4:08  Overlord  
  51  4:19  Hatchery  
  50  4:27  Drone x5  
  55  4:33  Extractor  
  55  4:35  Zerg Missile Weapons Level 1, Extractor  
  55  4:37  Drone  
  55  4:38  Drone x3  
  57  4:51  Roach x3  
  63  5:05  Spore Crawler  
  62  5:07  Spore Crawler  
  62  5:13  Drone x6, Overlord x2  
  67  5:17  Spore Crawler  
  66  5:23  Spore Crawler  
  65  5:37  Drone x6  
  65  5:38  Drone x3, Glial Reconstitution  
  74  5:45  Hydralisk Den  
  74  5:47  Spire  
  74  5:48  Overseer  
  72  6:03  Extractor  
  71  6:13  Roach x4  
  79  6:19  Overseer  
  79  6:26  Drone x7  
  79  6:29  Zerg Ground Armor Level 1  
  86  6:38  Hatchery  
  86  6:39  Hydralisk x3  
  91  6:50  Overlord x2  
  91  6:56  Extractor x2  
  91  6:59  Spore Crawler, Queen  
  91  7:00  Spore Crawler  
  91  7:01  Spore Crawler  
  88  7:03  Hydralisk, Spore Crawler  
  88  7:06  Drone, Overlord x4  
  90  7:10  Drone x4  
  94  7:39  Hydralisk x8  
  110  7:47  Grooved Spines  
  110  7:55  Spore Crawler  
  110  7:57  Drone x5, Spore Crawler  
  110  7:58  Drone x4, Spore Crawler  
  116  8:10  Drone x4  
  120  8:23  Zerg Missile Weapons Level 2, Hydralisk x2, Roach  
  120  8:24  Roach x3  
  132  8:36  Mutalisk x5  
  142  8:54  Overlord x5  
  142  8:59  Queen, Muscular Augments  
  144  9:03  Overlord x2  
  144  9:19  Hydralisk x9  
  144  9:20  Hydralisk x2  
  166  9:32  Infestation Pit  
  166  9:34  Extractor  
  166  9:35  Drone  
  166  9:36  Drone x8, Extractor  
  166  9:37  Drone x2  
  174  10:04  Hydralisk x8  
  174  10:05  Hydralisk x3  
  195  10:33  Overlord x2  
  195  10:34  Overlord x2  
  195  10:39  Zerg Ground Armor Level 2  
  195  11:00  Hatchery  
  194  11:05  Pneumatized Carapace  
  194  11:06  Hydralisk x9  
  200  11:18  Hydralisk x4  
  180  11:19  Hydralisk x3  
  190  11:31  Hatchery  
  189  11:35  Hydralisk  
  189  11:36  Hydralisk x2  
  195  11:46  Hydralisk x2  
  153  12:24  Hydralisk  
  153  12:25  Hydralisk x9  
  153  12:26  Hydralisk x4  
  161  12:42  Hydralisk x4  
  153  12:51  Hydralisk x2  
Tags
 
Add a new tag
Caveats
  • Supply blocks, unpowered buildings, or Contaminate may cause inaccurate times.
  • Supply counts are checked every 10 seconds.